 Dungeon Crawl Stone Soup version 0.26-a0-52-gd53d4cd058 (webtiles) character file.

Game seed: 16117830379697375151

65356 Gargoyl the Corrupter of Planes (level 14, -23/119 HPs)
             Began as a Centaur Abyssal Knight on June 4, 2020.
             Was the Champion of Lugonu.
             Annihilated by a very large slime creature (40 damage)
             ... on level 13 of the Dungeon on June 5, 2020.
             The game lasted 00:47:47 (35351 turns).

Gargoyl the Corrupter of Planes (CeAK)             Turns: 35351, Time: 00:47:48

Health: -23/119    AC: 17    Str: 32    XL:     14   Next: 75%
Magic:  22/22      EV: 17    Int:  9    God:    Lugonu [******]
Gold:   1497       SH:  0    Dex: 13    Spells: 13/13 levels left

rFire    . . .     SeeInvis .   H - +7 falchion "Ibuor" {venom, Fragile rN+++ Str+8 Int-2}
rCold    . . .     Gourm    .   (no shield)
rNeg     + + +     Faith    .   I - +4 ring mail of Existentialism {Harm Str+6}
rPois    .         Spirit   .   (helmet restricted)
rElec    .         Reflect  .   t - +2 cloak
rCorr    .         Harm     +   N - +0 pair of gloves
MR       +....                  (no barding)
Stlth    ..........             (no amulet)
HPRegen  0.29/turn              u - +4 ring of evasion
MPRegen  0.18/turn              x - +4 ring of slaying

@: very quick
A: large, antennae 1, fangs 1, hooves 3, agile 1, deformed body, speed 2, tough
skin 3
a: Depart the Abyss, Bend Space, Banish, Corrupt, Enter the Abyss, Brand Weapon
With Distortion, Renounce Religion


You were on level 13 of the Dungeon.
You worshipped Lugonu.
Lugonu was exalted by your worship.
You were not hungry.

You visited 2 branches of the dungeon, and saw 19 of its levels.
You visited the Abyss 1 time.
You also visited: Sewer.

You collected 1662 gold pieces.
You spent 165 gold pieces at shops.

Inventory:

Hand Weapons
 a - a +3 hand axe
 m - a +4 hand axe of draining
 p - a +6 hand axe
 H - the +7 falchion "Ibuor" (weapon) {venom, Fragile rN+++ Str+8 Int-2}
   (You found it on level 5 of the Lair of Beasts)

   It poisons the flesh of those it strikes.
   It affects your strength (+8).
   It affects your intelligence (-2).
   It renders you almost immune to negative energy.
   It will be destroyed if unequipped.
Missiles
 y - 8 javelins (quivered)
Armour
 s - a cursed +0 helmet
 t - a +2 cloak (worn)
 B - a +0 plate armour of poison resistance
 I - the +4 ring mail of Existentialism (worn) {Harm Str+6}
   (You found it on level 5 of the Lair of Beasts)

   It affects your strength (+6).
   It increases damage dealt and taken.
 N - a +0 pair of gloves (worn)
Jewellery
 u - a +4 ring of evasion (left hand)
 x - a +4 ring of slaying (right hand)
 F - an uncursed ring of fire
Wands
 q - a wand of flame (38)
 z - a wand of digging (14)
 D - a wand of iceblast (9)
 E - a wand of polymorph (15)
 G - a wand of random effects (14)
Scrolls
 b - 8 scrolls of remove curse
 d - 6 scrolls of identify
 i - 4 scrolls of fog
 j - 3 scrolls of fear
 l - 3 scrolls of teleportation
 r - a scroll of magic mapping
Potions
 e - 2 potions of magic
 f - 4 potions of flight
 g - 3 potions of haste
 h - 2 potions of brilliance
 k - 7 potions of heal wounds
 n - 6 potions of curing
 o - 4 potions of cancellation
 v - 2 potions of stabbing
 w - 2 potions of resistance
 A - a potion of berserk rage
 C - a potion of ambrosia
 L - 3 potions of might
Miscellaneous
 J - a lightning rod (4/4)
Comestibles
 c - 36 rations
 K - 3 chunks of flesh


   Skills:
 + Level 9.6 Fighting
 + Level 6.8 Long Blades
 + Level 10.7 Axes
 + Level 2.1 Throwing
 * Level 11.3 Armour
 * Level 8.3 Dodging
 * Level 11.7 Invocations


You had 13 spell levels left.
You didn't know any spells.
Your spell library contained the following spells:

 Spells                   Type           Power        Failure   Level  Hunger
 Corona                   Hex            #......      45%         1    ##.....
 Freeze                   Ice            #...         45%         1    ##.....
 Sandblast                Erth           #.....       45%         1    ##.....
 Ensorcelled Hibernation  Hex/Ice        #.....       61%         2    ###....
 Confusing Touch          Hex            #.......     83%         3    ####...
 Dazzling Flash           Conj/Hex       #.....       83%         3    ####...
 Frozen Ramparts          Ice            #.....       83%         3    ####...
 Lesser Beckoning         Tloc           #.........   83%         3    ####...
 Ozocubu's Armour         Chrm/Ice       #.......     83%         3    ####...
 Recall                   Summ/Tloc      N/A          83%         3    ####...
 Tukima's Dance           Hex            #.......     83%         3    ####...
 Hailstorm                Conj/Ice       #.......     99%         4    #####..
 Ice Form                 Ice/Tmut       #.......     99%         4    #####..
 Summon Ice Beast         Ice/Summ       #.......     99%         4    #####..
 Dispersal                Tloc           #.........   100%        6    #######
 Eringya's Noxious Bog    Tmut/Pois      #.........   100%        6    #######
 Controlled Blink         Tloc           N/A          100%        8    #######
 Shatter                  Erth           #.........   100%        9    #######


Dungeon Overview and Level Annotations

Branches:
Dungeon (13/15)            Temple (0/1) D:5            Lair (6/6) D:11
  Swamp (0/4) Lair:2        Snake (0/4) Lair:4        Slime (0/5) Lair:5
    Orc (0/2) D:12          Sewer (visited)
 Vaults: D:13-14

Altars:
Hepliaklqana
Kikubaaqudgha
Ru
Uskayaw
Vehumet
Xom
Yredelemnul

Shops:
D:6 *

Annotations:
D:5 2 runed translucent doors
D:13 Azrael, Kirke
Abyss:1 Josephine


Innate Abilities, Weirdness & Mutations

You have hooves in place of feet.
Armour fits poorly on your strangely shaped body.
You cover ground very quickly.
You have extremely tough skin. (AC +3)
You have a pair of small antennae on your head.
You have very sharp teeth.
You are agile. (Dex +2)


Message History

You bite the very large slime creature, but do no damage.
The very large slime creature is moderately wounded.
The slime creature hits you!
You slash the very large slime creature!
You kick the very large slime creature!
The very large slime creature is heavily wounded.
The slime creature hits you.
The very large slime creature hits you!!!
Ouch! That really hurt!
The slime creature hits you!
* * * LOW HITPOINT WARNING * * *
You slash the very large slime creature!
The very large slime creature looks as sick as possible!
Your kick misses the very large slime creature.
You bite the very large slime creature!
The very large slime creature is severely wounded.
The slime creature hits you!
* * * LOW HITPOINT WARNING * * *
The very large slime creature hits you!!
You die...

#.. #.........
#........ #........
........ ###.....###
..........#
......JJJ.#
.......@..#
..........# ####
..........# ...#
#######...# ...#
#######...#
...#######.....'...+
...'....##.#####...#
...####.##.# #####
...# #.##(#


You could see a very large slime creature (extremely poisoned) and 2 slime
creatures.

Vanquished Creatures
  Rupert (Lair:6)
  Gastronok (Lair:3)
  The ghost of Raiwk the Zephyrmancer, a journeyman DrAE of Vehumet (Lair:3)
  Harold (D:11)
  A centaur warrior (D:6)
  10 death yaks
  3 catoblepae
  4 two-headed ogres
  Urug (D:10)
  Pikel (D:4)
  A manticore (Lair:6)
  6 ugly things
  17 elephants
  3 black mambas
  The ghost of brujo666 the Fighter, a novice GnWn of Gozag (D:9)
  A gargoyle (D:9)
  8 spiny frogs
  A kobold demonologist (D:12)
  5 rime drakes
  8 komodo dragons
  A troll (D:9)
  15 blink frogs
  A slime creature (D:13)
  8 hippogriffs
  A tyrant leech (Lair:2)
  60 yaks
  5 wraiths (D:10)
  2 wyverns
  3 hungry ghosts
  A human (D:7)
  A fire elemental (D:13)
  4 hogs (D:7)
  2 basilisks
  A catoblepas simulacrum (Lair:3)
  3 swamp worms (Lair:2)
  A hydra simulacrum (Lair:3)
  20 water moccasins
  6 porcupines
  A swamp drake (D:12)
  4 orc warriors
  4 sky beasts
  3 ice beasts
  A necrophage (D:9)
  A phantom (D:6)
  12 wolves
  An eye of draining (D:12)
  5 ogres
  5 centaurs
  14 crocodiles
  A big kobold (D:9)
  20 bullfrogs
  2 gnoll sergeants
  A wyvern skeleton (D:9)
  3 scorpions
  11 killer bees
  An elephant simulacrum (Lair:3)
  4 howler monkeys
  3 bullfrog zombies
  2 centaur zombies
  5 crimson imps
  16 jellies
  2 gnoll shamans
  8 orc priests
  5 hounds
  A bullfrog skeleton (D:9)
  2 centaur skeletons
  A water moccasin simulacrum (Lair:3)
  3 iguanas
  6 orc wizards
  8 worker ants
  A polar bear simulacrum (Lair:3)
  2 worker ant zombies
  11 gnolls
  3 river rats (D:4)
  22 adders
  A crocodile simulacrum (Lair:3)
  3 shadow imps
  4 oozes
  5 worms
  A dart slug (D:2)
  4 leopard geckos
  59 orcs
  6 giant cockroaches
  3 goblins
  5 hobgoblins
  8 jackals
  16 kobolds
  6 quokkas
  5 ball pythons
  A ball python skeleton (D:5)
  8 bats
  12 frilled lizards
  A jackal zombie (D:6)
  A quokka skeleton (D:9)
  8 rats
  A butterfly (Lair:4)
  4 plants (Sewer)
567 creatures vanquished.

Vanquished Creatures (others)
  A hydra (Lair:5)
  A catoblepas (Lair:6)
  2 two-headed ogres (D:9)
  2 manticores
  A basilisk (D:11)
  A centaur skeleton (D:4)
  A worker ant (D:4)
  A bush (Lair:6)
  13 fungi
  14 plants
37 creatures vanquished.

Grand Total: 604 creatures vanquished

Notes
Turn   | Place    | Note
-------+----------+-------------------------------------------
     0 | Abyss:1  | Gargoyl the Centaur Abyssal Knight began the quest for the
                  | Orb.
     0 | Abyss:1  | Reached XP level 1. HP: 19/19 MP: 2/2
    47 | Abyss:1  | Noticed a small abomination
    60 | Abyss:1  | Noticed a thrashing horror
    62 | D:1      | Escaped the Abyss
   224 | D:1      | Reached * piety under Lugonu
   589 | D:1      | Reached XP level 2. HP: 23/26 MP: 3/3
   712 | D:1      | Reached skill level 1 in Dodging
  1136 | D:2      | Gained mutation: You have a pair of small horns on your
                  | head. [potion of mutation]
  1136 | D:2      | Gained mutation: You are somewhat resistant to further
                  | mutation. [potion of mutation]
  1205 | D:1      | Reached XP level 3. HP: 13/31 MP: 4/4
  1782 | D:2      | Found an ancient bone altar of Kikubaaqudgha.
  1813 | D:2      | Lost mutation: You have a pair of small horns on your head.
                  | [potion of mutation]
  1813 | D:2      | Lost mutation: You are somewhat resistant to further
                  | mutation. [potion of mutation]
  1813 | D:2      | Gained mutation: Your system is resistant to poisons.
                  | (rPois) [potion of mutation]
  1813 | D:2      | Gained mutation: You have a pair of small antennae on your
                  | head. [potion of mutation]
  2173 | D:2      | Found a hazy altar of Hepliaklqana.
  2420 | D:3      | Reached ** piety under Lugonu
  2420 | D:3      | Reached XP level 4. HP: 27/38 MP: 5/5
  3086 | D:3      | Noticed a sky beast
  3802 | D:4      | Reached XP level 5. HP: 36/45 MP: 5/7
  3860 | D:4      | Found a glowing drain.
  3865 | Sewer    | Entered a sewer
  5032 | D:4      | Noticed a slave
  5034 | D:4      | Noticed Pikel
  5035 | D:4      | Noticed a slave
  5035 | D:4      | Noticed a slave
  5036 | D:4      | Noticed a slave
  5065 | D:4      | Killed Pikel
  5065 | D:4      | Reached XP level 6. HP: 31/52 MP: 8/8
  5065 | D:4      | Reached XP level 7. HP: 35/59 MP: 9/9
  6259 | D:5      | Entered Level 5 of the Dungeon
  6844 | D:5      | Found a large runed translucent door.
  6844 | D:5      | Found a large runed translucent door.
  6872 | D:5      | Reached XP level 8. HP: 66/66 MP: 11/11
  6878 | D:5      | Reached *** piety under Lugonu
  6966 | D:5      | Found a large runed translucent door.
  6966 | D:5      | Found a large runed translucent door.
  7571 | D:5      | Found a staircase to the Ecumenical Temple.
  7914 | D:5      | Lost mutation: Your system is resistant to poisons. (rPois)
                  | [potion of mutation]
  7914 | D:5      | Gained mutation: You are agile. (Dex +2) [potion of
                  | mutation]
  7914 | D:5      | Gained mutation: You have very sharp teeth. [potion of
                  | mutation]
  8356 | D:5      | Identified Wing's Catalogue of Dusty Moulding
  8432 | D:6      | Reached skill level 5 in Armour
  8432 | D:6      | Reached skill level 5 in Invocations
  8543 | D:6      | Reached skill level 5 in Axes
  8799 | D:6      | Reached XP level 9. HP: 55/73 MP: 11/13
  8925 | D:6      | Found a shimmering altar of Xom.
  8925 | D:6      | Found a sacrificial altar of Ru.
  9343 | D:6      | Found Fuokkois's Assorted Antiques.
  9351 | D:6      | Bought a dented diamond amulet for 165 gold pieces
  9416 | D:6      | Noticed a centaur warrior
  9442 | D:6      | Killed a centaur warrior
  9442 | D:6      | Reached skill level 5 in Fighting
  9442 | D:6      | Reached skill level 1 in Throwing
  9988 | D:7      | Reached **** piety under Lugonu
 10352 | D:7      | Found a shimmering altar of Xom.
 10430 | D:7      | Reached XP level 10. HP: 68/81 MP: 14/14
 10794 | D:8      | Upgraded the game from 0.26-a0-49-g0e6732e0a6 to
                  | 0.26-a0-52-gd53d4cd058
 10979 | D:8      | Found a radiant altar of Vehumet.
 12185 | D:9      | Noticed a cyan ugly thing
 12209 | D:9      | Killed a cyan ugly thing
 13246 | D:9      | Reached ***** piety under Lugonu
 13521 | D:9      | Noticed a +0 hand axe
 13522 | D:9      | Noticed a +0 hand axe
 13525 | D:9      | Found a hide-covered altar of Uskayaw.
 14015 | D:9      | Found a transporter.
 14015 | D:9      | Noticed a two-headed ogre
 14015 | D:9      | Noticed brujo666's ghost (novice GnWn)
 14016 | D:9      | Noticed a two-headed ogre
 14017 | D:9      | Noticed a two-headed ogre
 14022 | D:9      | Found a transporter.
 14039 | D:9      | Banished a two-headed ogre
 14448 | D:9      | Killed brujo666's ghost
 14448 | D:9      | Reached skill level 5 in Dodging
 14664 | D:9      | HP: 2/83 [two-headed ogre/+0 giant club (16)]
 14673 | D:9      | Banished a two-headed ogre
 15038 | D:9      | Reached XP level 11. HP: 51/89 MP: 16/16
 15234 | D:9      | Killed a two-headed ogre
 15473 | D:10     | Entered Level 10 of the Dungeon
 15473 | D:10     | Noticed Josephine
 15582 | D:9      | Banished Josephine
 16852 | D:10     | Noticed Urug
 16893 | D:10     | Killed Urug
 17513 | D:11     | Noticed a two-headed ogre
 17697 | D:10     | Killed a two-headed ogre
 18491 | D:11     | Found a basalt altar of Yredelemnul.
 18506 | D:11     | Noticed Harold
 19057 | D:11     | Killed Harold
 19192 | D:11     | Found a staircase to the Lair.
 19725 | Lair:1   | Entered Level 1 of the Lair of Beasts
 19733 | Lair:1   | Reached XP level 12. HP: 83/100 MP: 18/18
 20105 | Lair:1   | You fall into a shaft and drop 1 floor!
 21023 | Lair:2   | Found a staircase to the Swamp.
 22393 | Lair:3   | Found a runed translucent gate.
 22393 | Lair:3   | Found a runed translucent gate.
 22393 | Lair:3   | Found a runed translucent gate.
 22419 | Lair:3   | Noticed Gastronok
 22420 | Lair:3   | Got a polished chain mail
 22619 | Lair:3   | Killed Gastronok
 22619 | Lair:3   | Reached skill level 10 in Armour
 22784 | Lair:2   | Identified the cursed +1 chain mail of Wariness {Int+4
                  | Dex+4} (You found it on level 3 of the Lair of Beasts)
 23070 | Lair:3   | Noticed Raiwk's ghost (journeyman DrAE)
 23613 | Lair:3   | Killed Raiwk's ghost
 24252 | Lair:4   | Reached skill level 10 in Axes
 24367 | Lair:4   | Reached XP level 13. HP: 80/107 MP: 20/20
 24399 | Lair:4   | Found a staircase to the Snake Pit.
 25537 | Lair:4   | Reached skill level 10 in Invocations
 25830 | Lair:5   | Got a faintly humming leather armour
 25850 | Lair:4   | Identified the +1 leather armour "Firathoq" {rF+ rN+ MR+
                  | Slay+2} (You found it on level 5 of the Lair of Beasts)
 26039 | Lair:5   | Got a bloodstained falchion
 26040 | Lair:5   | Identified the +7 falchion "Ibuor" {venom, Fragile rN+++
                  | Str+8 Int-2} (You found it on level 5 of the Lair of
                  | Beasts)
 26112 | Lair:5   | Got a faintly glowing ring mail
 26128 | Lair:5   | Identified the +4 ring mail of Existentialism {Harm Str+6}
                  | (You found it on level 5 of the Lair of Beasts)
 26232 | Lair:5   | Found a staircase to the Slime Pits.
 27361 | Lair:6   | Entered Level 6 of the Lair of Beasts
 27372 | Lair:6   | Reached skill level 1 in Long Blades
 28094 | Lair:6   | Noticed Rupert
 28147 | Lair:6   | Killed Rupert
 28570 | Lair:5   | Reached ****** piety under Lugonu
 29254 | Lair:6   | Reached XP level 14. HP: 116/116 MP: 22/22
 30126 | Lair:5   | Reached skill level 5 in Long Blades
 33158 | Lair:6   | Identified Vodusikk's Volume of Displacement
 34336 | D:12     | Found an ancient bone altar of Kikubaaqudgha.
 34835 | D:12     | Found a staircase to the Orcish Mines.
 35079 | D:13     | Noticed Azrael
 35097 | D:13     | Noticed Kirke
 35351 | D:13     | Annihilated by a very large slime creature

Illustrated notes

Levels and vault maps discovered:
D:1:      heliophobic_arrival_glass_houses, layout_basic, minmay_tromino_v4_a
D:2:      layout_basic, old_standard_altar, nicolae_overflow_hidden_temple,
          minmay_diced_spiral
D:3:      layout_basic
D:4:      layout_basic, portal_sewer_entry_e, first_ration,
          hangedman_decor_points, uniq_pikel
D:5:      layout_rooms, minmay_temple_entry_antechambers,
          minmay_hollow_rounded_squares
D:6:      minmay_chambers_of_fours, layout_basic,
          chequers_temple_overflow_statue_of_worship, serial_shops, shop,
          minmay_misc_feat_encased
D:7:      layout_basic, grunt_livestock, brannock_xom_greatest_gift
D:8:      layout_gridville, nicolae_overflow_crystal_walls
D:9:      layout_irregular_city, dancing_weapons_uskayaw, gammafunk_ghost_smash
D:10:     layout_rooms, uniq_josephine, uniq_urug
D:11:     layout_cross, david_lair_generic, yredelemnul_altar_generic,
          uniq_harold
D:12:     layout_rooms, erik_orc_1, basic_altar
D:13:     layout_basic, grunt_vaults_entry_fortified, minmay_bent, uniq_azrael,
          uniq_kirke, uniq_snorg
Lair:1:   layout_hall_layers
Lair:2:   layout_loops_ring, minmay_swamp_entry_worms, serial_rivers,
          chequers_serial_rivers_room_a, chequers_serial_rivers_small_a,
          chequers_serial_rivers_micro_d, chequers_serial_rivers_micro_a,
          chequers_serial_rivers_micro_a
Lair:3:   layout_hall_layers, gammafunk_ghost_icy, uniq_gastronok
Lair:4:   layout_hall_layers, minmay_snake_entry_six_corridors,
          serial_bayou_shore_b, lemuel_fruit_fields
Lair:5:   layout_roguey, minmay_slime_entry_jelly_boxes, minmay_holes
Lair:6:   evilmike_catoblepas_cave, layout_regular_city, serial_bayou_shore_a,
          uniq_rupert

Skill      XL: |  1  2  3  4  5  6  7  8  9 10 11 12 13 14 |
---------------+-------------------------------------------+-----
Dodging        | 1 2 3 4 5 6 7 8 |  8.3
Axes           | 2 3 4 5 6 8 9 10 | 10.7
Armour         | 2 4 5 6 7 9 10 11 | 11.3
Invocations    | 3 4 5 6 7 8 9 10 11 | 11.7
Fighting       | 4 5 6 7 8 9 |  9.6
Throwing       | 1 2 |  2.1
Long Blades    | 4 6 |  6.8

Action                   |  1- 3 |  4- 6 |  7- 9 | 10-12 | 13-15 || total
-------------------------+-------+-------+-------+-------+-------++-------
Melee: Hand axe          |    77 |   211 |   312 |   889 |   133 ||  1622
       Kick              |     9 |    44 |    72 |   269 |   332 ||   726
       Headbutt          |     3 |       |       |       |       ||     3
       Bite              |       |       |    20 |   112 |   124 ||   256
       Falchion          |       |       |       |       |   374 ||   374
Throw: Javelin           |       |       |    10 |    12 |     1 ||    23
Invok: Depart the Abyss  |     1 |       |       |       |       ||     1
       Banish            |       |       |       |     6 |     6 ||    12
       Bend Space        |       |       |       |     2 |     3 ||     5
  Use: Scroll            |     5 |     8 |     5 |    12 |     4 ||    34
       Potion            |     2 |     3 |     7 |     7 |     1 ||    20
 Stab: Invisible         |       |       |     1 |       |       ||     1
       Sleeping          |       |       |     1 |       |       ||     1
  Eat: Chunk             |     3 |     5 |    19 |    26 |    27 ||    80
       Ration            |       |     1 |     1 |     5 |     2 ||     9
Armor: Leather armour    |    49 |     7 |       |       |       ||    56
       Ring mail         |       |    46 |    49 |       |   180 ||   275
       Plate armour      |       |       |   132 |   508 |    77 ||   717
       Skin              |       |       |    36 |    10 |       ||    46
Dodge: Dodged            |    53 |    47 |    90 |   376 |   418 ||   984
       Rpst.: Falchion   |       |       |       |       |    99 ||    99

Table legend:
 A = Non-vault XP
 B = Vault XP
 C = Vault XP percentage of total XP
 D = Non-vault monster count
 E = Vault monster count
 F = Vault count percentage of total count
                 A         B        C        D         E       F
            +---------+---------+-------+---------+---------+-------
      Total |   60153 |   33214 |  35.6 |     419 |     153 |  26.7
            +---------+---------+-------+---------+---------+-------
        D:1 |      24 |      17 |  41.5 |      11 |       4 |  26.7
        D:2 |      38 |       6 |  13.6 |      15 |       2 |  11.8
        D:3 |     101 |       0 |   0.0 |      16 |       0 |   0.0
        D:4 |     328 |     687 |  67.7 |      18 |       9 |  33.3
        D:5 |     504 |     350 |  41.0 |      19 |      10 |  34.5
        D:6 |     821 |    1043 |  56.0 |      19 |       5 |  20.8
        D:7 |     619 |    1012 |  62.0 |       8 |       5 |  38.5
        D:8 |    1322 |       0 |   0.0 |      26 |       0 |   0.0
        D:9 |    3106 |    3239 |  51.0 |      45 |       6 |  11.8
       D:10 |    3040 |    1871 |  38.1 |      31 |       6 |  16.2
       D:11 |    2169 |    1875 |  46.4 |      17 |       5 |  22.7
       D:12 |    8848 |     601 |   6.4 |      47 |      17 |  26.6
       D:13 |     962 |     202 |  17.4 |       7 |       1 |  12.5
     Lair:1 |    4345 |       0 |   0.0 |      19 |       0 |   0.0
     Lair:2 |    1320 |     742 |  36.0 |       4 |       4 |  50.0
     Lair:3 |    2465 |    4604 |  65.1 |      14 |      10 |  41.7
     Lair:4 |    9602 |    1585 |  14.2 |      33 |      17 |  34.0
     Lair:5 |    6557 |    5202 |  44.2 |      21 |      19 |  47.5
     Lair:6 |   13982 |   10143 |  42.0 |      49 |      17 |  25.8
      Sewer |       0 |      35 | 100.0 |       0 |      16 | 100.0
            +---------+---------+-------+---------+---------+-------
